 Dungeon Crawl Stone Soup version 0.27.1-2-g3b301248ec (webtiles) character file.

Game seed: 10408770861634991035

2425 pkoi the Carver (level 9, -7/78 HPs)
             Began as a Minotaur Fighter on Sept 30, 2021.
             Was a Follower of Okawaru.
             Mangled by a very large slime creature (55 damage)
             ... on level 7 of the Dungeon.
             The game lasted 00:07:38 (6929 turns).

pkoi the Carver (Minotaur Fighter)                  Turns: 6929, Time: 00:07:39

Health: -7/78      AC: 15    Str: 23    XL:     9   Next: 24%
Magic:  10/10      EV:  8    Int:  5    God:    Okawaru [*.....]
Gold:   277        SH:  5    Dex: 11    Spells: 8/8 levels left

rFire    + . .     SeeInvis .   i - +1 scimitar
rCold    + . .     Faith    .   e - +0 buckler
rNeg     . . .     Spirit   .   j - +2 chain mail {rC+}
rPois    .         Reflect  .   (helmet restricted)
rElec    .         Harm     .   f - +0 cloak
rCorr    .         Rampage  .   m - +0 pair of gloves
Will     .....                  (no boots)
Stlth    ..........             w - amulet of the acrobat
HPRegen  0.23/turn              t - ring of protection from fire
MPRegen  0.12/turn              u - ring of flight

@: flying
A: horns 2, retaliatory headbutt
a: Renounce Religion, Heroism


You were on level 7 of the Dungeon.
You worshipped Okawaru.
Okawaru was aware of your devotion.
You visited 2 branches of the dungeon, and saw 8 of its levels.

You collected 277 gold pieces.

Inventory:

Hand Weapons
 a - a +0 long sword
 i - a +1 scimitar (weapon)
Missiles
 s - 4 boomerangs (quivered)
Armour
 b - a +0 scale mail
 c - a +1 kite shield
 e - a +0 buckler (worn)
 f - a +0 cloak (worn)
 h - a +0 chain mail
 j - a +2 chain mail of cold resistance (worn)
 m - a +0 pair of gloves (worn)
Jewellery
 t - a ring of protection from fire (left hand)
 u - a ring of flight (right hand)
 w - an amulet of the acrobat (around neck)
Wands
 v - a wand of iceblast (16)
 x - a wand of flame (28)
 y - a wand of polymorph (10)
Scrolls
 p - 2 scrolls of teleportation
 q - 3 scrolls of enchant armour
 r - a scroll of identify
Potions
 d - 2 potions of might
 g - 3 potions of flight {unknown}
 k - a potion of haste
 l - 2 potions of cancellation {unknown}
 n - 2 potions of curing {unknown}
 o - a potion of brilliance {unknown}
 z - a potion of resistance {unknown}
 B - a potion of degeneration {unknown}


   Skills:
 + Level 6.8 Fighting
 * Level 10.1 Long Blades
 + Level 6.7 Armour
 + Level 7.7 Shields
 + Level 2.7 Invocations


You had 8 spell levels left.
You didn't know any spells.
Your spell library contained the following spells:

 Spells                   Type           Power      Damage    Failure   Level
 Passwall                 Tmut/Erth      0%         N/A       99%         2
 Dazzling Flash           Conj/Hex       0%         N/A       100%        3
 Frozen Ramparts          Ice            0%         1d2       100%        3
 Gell's Gravitas          Tloc           0%         N/A       100%        3
 Lesser Beckoning         Tloc           0%         N/A       100%        3
 Swiftness                Air            0%         N/A       100%        3
 Teleport Other           Tloc           0%         N/A       100%        3
 Ice Form                 Ice/Tmut       0%         N/A       100%        4
 Summon Ice Beast         Ice/Summ       0%         N/A       100%        4
 Agony                    Necr           0%         N/A       100%        5
 Silence                  Hex/Air        0%         N/A       100%        5
 Invisibility             Hex            0%         N/A       100%        6


Dungeon Overview and Level Annotations

Branches:
Dungeon (7/15)             Temple (1/1) D:5

Altars:
Ashenzari
Cheibriados
Dithmenos
Elyvilon
Fedhas
Hepliaklqana
Kikubaaqudgha
Makhleb
Nemelex Xobeh
Okawaru
Qazlal
Ru
Sif Muna
Uskayaw
Vehumet
Wu Jian
Xom
Zin
The Shining One

Shops:
D:3 [


Innate Abilities, Weirdness & Mutations

You have a pair of horns on your head.
You reflexively headbutt those who attack you in melee.


Message History

You hit the slime creature. You headbutt the slime creature.
The slime creature is moderately wounded.
The slime creature hits you. You block the slime creature's attack.
You barely miss the slime creature. You headbutt the slime creature!
The slime creature is heavily wounded.
You hit the slime creature.
The slime creature is lightly wounded.
You block the slime creature's attack.
You slash the slime creature! You headbutt the slime creature.
The slime creature is severely wounded.
The slime creature hits you! You block the slime creature's attack.
There are monsters nearby!
There are monsters nearby!
There are monsters nearby!
Unknown command.
Two slime creatures merge to form a large slime creature.
Found a stone staircase leading up.
You hit the slime creature.
You headbutt the slime creature, but do no damage.
The slime creature is lightly wounded.
The slime creature hits you!
You slash the slime creature! You headbutt the slime creature!
The slime creature is heavily wounded.
Two slime creatures merge to form a very large slime creature.
You slash the very large slime creature!
The very large slime creature is heavily wounded.
You hit the very large slime creature.
The very large slime creature is heavily wounded.
The very large slime creature barely misses you.
You furiously retaliate!
You headbutt the very large slime creature!
You slash the very large slime creature!
The very large slime creature is heavily wounded.
You block the very large slime creature's attack.
You slash the very large slime creature!
You headbutt the very large slime creature.
The very large slime creature is severely wounded.
The very large slime creature hits you!!!
Ouch! That really hurt!
You die...

#..##
#<######.###.......#
##<.# #.# ##.# #.......#
##..##.#####..###.......#
.....................##
####...#####.####.......#
..>.....# #.# #.......#
........####.# #.......#
.........##..#####.....##
..............J@.##...##
.........#.#####.# ####
.........#.# .#
...........# .#
######...... <# #.....#
.# ....... .. ...####..
..


You could see a very large slime creature.

Vanquished Creatures
  Pikel (D:3)
  A troll (D:6)
  Sigmund (D:6)
  Duvessa (D:4)
  An ice beast (D:6)
  2 black bears
  2 ogres
  A centaur (D:7)
  A phantom (D:5)
  A bullfrog (D:6)
  Dowan (D:4)
  3 killer bees (D:7)
  A bullfrog zombie (D:6)
  2 centaur zombies
  3 hounds
  2 jellies (D:5)
  Ijyb (D:3)
  A bullfrog skeleton (D:6)
  Terence (D:3)
  An iguana (D:4)
  A killer bee zombie (D:6)
  A howler monkey zombie (D:7)
  7 gnolls
  7 adders
  3 white imps
  An ufetubus (D:7)
  2 dart slugs (D:4)
  5 worms
  17 orcs
  8 endoplasms
  4 giant cockroaches
  3 goblins
  6 hobgoblins
  3 jackals (D:4)
  5 kobolds
  9 quokkas
  6 ball pythons
  6 bats
  8 frilled lizards
  A jackal skeleton (D:4)
  10 rats
141 creatures vanquished.

Notes
Turn   | Place    | Note
-------+----------+-------------------------------------------
     0 | D:1      | pkoi the Minotaur Fighter began the quest for the Orb.
     0 | D:1      | Reached XP level 1. HP: 19/19 MP: 0/0
    52 | D:1      | Reached skill level 3 in Long Blades
   379 | D:1      | Reached XP level 2. HP: 26/26 MP: 1/1
   697 | D:1      | Found a faded altar of an unknown god.
   815 | D:1      | Reached XP level 3. HP: 31/31 MP: 2/2
  1138 | D:2      | Reached skill level 4 in Long Blades
  2117 | D:3      | Found Xuosuzeg's Armour Emporium.
  2130 | D:3      | Reached XP level 4. HP: 29/39 MP: 3/3
  2261 | D:3      | Noticed Terence
  2273 | D:3      | Killed Terence
  2410 | D:3      | Reached skill level 5 in Long Blades
  2533 | D:3      | Reached XP level 5. HP: 31/45 MP: 4/4
  2539 | D:3      | Reached skill level 5 in Shields
  3033 | D:3      | Noticed Ijyb
  3036 | D:3      | Paralysed by Ijyb for 3 turns
  3042 | D:3      | Paralysed by Ijyb for 6 turns
  3052 | D:3      | Killed Ijyb
  3371 | D:4      | Noticed Pikel
  3371 | D:4      | Noticed a lemure
  3414 | D:3      | Killed Pikel
  3415 | D:3      | Reached skill level 7 in Long Blades
  3415 | D:3      | Reached XP level 6. HP: 41/53 MP: 5/5
  3415 | D:3      | Reached XP level 7. HP: 46/60 MP: 6/6
  3931 | D:4      | Noticed Duvessa
  3935 | D:4      | Noticed Dowan
  3944 | D:4      | Killed Duvessa
  3945 | D:4      | Reached skill level 5 in Fighting
  3945 | D:4      | Reached skill level 5 in Armour
  3971 | D:4      | Killed Dowan
  4323 | D:5      | Entered Level 5 of the Dungeon
  4330 | D:5      | Reached skill level 8 in Long Blades
  4391 | D:5      | Reached XP level 8. HP: 65/69 MP: 7/7
  4503 | D:5      | Found a staircase to the Ecumenical Temple.
  4522 | Temple   | Entered the Ecumenical Temple
  4838 | Temple   | Became a worshipper of Warmaster Okawaru
  5464 | D:6      | Noticed Sigmund
  5562 | D:6      | Killed Sigmund
  5563 | D:6      | Reached skill level 9 in Long Blades
  5563 | D:6      | Reached skill level 1 in Invocations
  5881 | D:6      | Reached * piety under Okawaru
  5903 | D:6      | Found a sacrificial altar of Ru.
  6072 | D:6      | Noticed a troll
  6083 | D:6      | HP: 3/71 [troll (6)]
  6084 | D:6      | Killed a troll
  6085 | D:6      | Reached XP level 9. HP: 3/78 MP: 9/9
  6776 | D:7      | Reached skill level 10 in Long Blades
  6929 | D:7      | Mangled by a very large slime creature

Illustrated notes

Levels and vault maps discovered:
D:1:      lemuel_arrival_broad_hall, layout_basic,
          ebering_ecumenical_altar_sacrificial, chequers_serial_rivers_micro_a
D:2:      wander_river, layout_loops_ring, nrook_uturn, grunt_ministairs_5
D:3:      layout_loops_ring, serial_shops, shop, gup_sewer_entry_bubbles,
          uniq_terence, uniq_ijyb
D:4:      layout_loops_ring, kennysheep_generic_room_3, uniq_pikel, uniq_duvessa
D:5:      layout_loops_ring, minmay_temple_entry_glass
D:6:      layout_loops_ring, mainiacjoe_overflow_brackets, minmay_three_doors,
          uniq_sigmund
D:7:      layout_rooms, gammafunk_ghost_split
Temple:   dpeg_five_rooms_temple

Skill      XL: |  1  2  3  4  5  6  7  8  9 |
---------------+----------------------------+-----
Long Blades    | 3 4 5 7 8 9 10 | 10.1
Shields        | 4 6 7 |  7.7
Fighting       | 4 5 6 |  6.8
Armour         | 4 5 6 |  6.7
Invocations    | 2 |  2.7

Action                   |  1- 3 |  4- 6 |  7- 9 || total
-------------------------+-------+-------+-------++-------
Melee: Long sword        |   102 |     1 |       ||   103
       Headbutt          |    17 |    14 |    38 ||    69
       Scimitar          |       |    73 |   206 ||   279
  Use: Scroll            |     1 |       |     8 ||     9
       Potion            |       |       |     1 ||     1
Armor: Scale mail        |    13 |       |       ||    13
       Chain mail        |    26 |    36 |   107 ||   169
Dodge: Dodged            |    39 |    30 |    75 ||   144
Block: Buckler           |    14 |    13 |    72 ||    99
       Rpst.: Long sword |    11 |       |       ||    11
       Scimitar          |       |     8 |    20 ||    28
